 Dungeon Crawl Stone Soup version 0.20-a0-1062-g7b787ac (webtiles) character file.

121 graki42 the Firebug (level 4, -3/24 HPs)
             Began as a Deep Elf Fire Elementalist on Apr 27, 2017.
             Slain by Sigmund
             ... wielding a +0 scythe
              (5 damage)
             ... on level 3 of the Dungeon.
             The game lasted 00:06:45 (1969 turns).

graki42 the Firebug (Deep Elf Fire Elementalist)    Turns: 1969, Time: 00:06:46

Health: -3/24      AC:  3    Str:  6    XL:     4   Next: 77%
Magic:  2/12       EV: 13    Int: 20    God:
Gold:   29         SH:  0    Dex: 15    Spells: 0/11 levels left

rFire    . . .     SeeInvis .   e - +0 short sword (venom)
rCold    . . .     Gourm    .   (no shield)
rNeg     . . .     Faith    .   a - +0 robe
rPois    .         Spirit   .   (no helmet)
rElec    .         Reflect  .   i - +0 cloak
rCorr    .         Harm     .   (no gloves)
MR       .....                  (no boots)
Stlth    ++........             (no amulet)
Regen    0.1/turn               (no ring)
MPRegen  0.2/turn               (no ring)

@: very slightly contaminated
A: no striking features
a: no special abilities


You were on level 3 of the Dungeon.
You were not hungry.

You visited 1 branch of the dungeon, and saw 3 of its levels.

You collected 29 gold pieces.

Inventory:

Hand Weapons
 e - a +0 short sword of venom (weapon)
Armour
 a - a +0 robe (worn)
 i - a +0 cloak (worn)
Scrolls
 f - 2 scrolls of teleportation {unknown}
 h - a scroll of identify {unknown}
 j - a scroll of fog {unknown}
 k - 2 scrolls of remove curse {unknown}
Potions
 d - a potion of lignification {unknown}
 g - a potion of might {unknown}
 l - a potion of curing {unknown}
Books
 b - a book of Flames

   Spells                             Type                      Level
   a - Flame Tongue                   Conjuration/Fire             1
   b - Throw Flame                    Conjuration/Fire             2
   c - Conjure Flame                  Conjuration/Fire             3
   d - Inner Flame                    Hexes/Fire                   3
   e - Sticky Flame                   Conjuration/Fire             4
   f - Fireball                       Conjuration/Fire             5
Comestibles
 c - 3 bread rations


   Skills:
 + Level 0.4 Short Blades
 + Level 2.8 Dodging
 + Level 2.7 Stealth
 + Level 4.4 Spellcasting
 + Level 2.5 Conjurations
 + Level 4.4 Fire Magic


You couldn't memorise any spells.
You knew the following spells:

 Your Spells              Type           Power        Failure   Level  Hunger
a - Flame Tongue          Conj/Fire      ###..        3%          1    None
b - Conjure Flame         Conj/Fire      ###.....     9%          3    ###....
c - Inner Flame           Hex/Fire       ##......     16%         3    ###....
d - Sticky Flame          Conj/Fire      ###.....     28%         4    ####...


Dungeon Overview and Level Annotations

Branches:
Dungeon (3/15)

Altars:
Ru
Wu Jian

Annotations:
D:3 Sigmund


Message History

Casting: Flame Tongue
Confirm with . or Enter, or press ? or * to list all spells.
Okay, then.
Casting: Flame Tongue
Confirm with . or Enter, or press ? or * to list all spells.
Aiming: Flame Tongue
Press: ? - help, Shift-Dir - straight line
Casting: Flame Tongue
Confirm with . or Enter, or press ? or * to list all spells.
Aiming: Flame Tongue
Press: ? - help, Shift-Dir - straight line The flame tongue hits something.
Something hits you! Something hits you!
Ouch! That really hurt!
* * * LOW HITPOINT WARNING * * *
You hit something but do no damage. You hit something but do no damage.
Something hits you.
You die...

....?# .. . ....# .. ..
.... . ... #....#....#
.#.. #
###....#.##.##..#..#
...................
#.......##{.....$..
#.......##.#############
#.......##@# #........#
#..........####........#
#......................#
#......................#
#......................#
+......................#
#................<.....#
#....##................#
#.##.##........#######.#


There were no monsters in sight!

Vanquished Creatures
  5 adders
  2 oozes (D:1)
  2 dart slugs
  A leopard gecko (D:2)
  3 orcs (D:3)
  3 bats
  A giant cockroach (D:1)
  6 goblins
  9 hobgoblins
  7 jackals (D:1)
  2 ball pythons (D:2)
  3 frilled lizards (D:1)
  9 kobolds
  4 rats
57 creatures vanquished.

Notes
Turn   | Place    | Note
-------+----------+-------------------------------------------
     0 | D:1      | graki42 the Deep Elf Fire Elementalist began the quest for the Orb.
     0 | D:1      | Reached XP level 1. HP: 10/10 MP: 6/6
    70 | D:1      | Reached XP level 2. HP: 10/15 MP: 2/8
   490 | D:1      | Reached XP level 3. HP: 17/19 MP: 5/10
   986 | D:2      | Reached XP level 4. HP: 17/24 MP: 7/12
  1279 | D:2      | Found a faded altar of an unknown god.
  1371 | D:2      | Found an ornate altar of the Wu Jian Council.
  1643 | D:2      | Found a sacrificial altar of Ru.
  1774 | D:2      | Learned a level 3 spell: Conjure Flame
  1778 | D:2      | Learned a level 3 spell: Inner Flame
  1783 | D:2      | Learned a level 4 spell: Sticky Flame
  1952 | D:3      | Noticed Sigmund
  1969 | D:3      | Slain by Sigmund

Vault maps used:
D:1:      saegor_arrival_simple_b, fountainhead, minivault_19
D:2:      lemuel_crystal_altar, overflow_temple_1_default, serial_forest,
          infiniplex_forest_end_2, infiniplex_forest_clump_tiny,
          infiniplex_forest_diagonal, infiniplex_forest_diagonal,
          chequers_ecumenical_altar_twisty, first_bread
D:3:      hangedman_abyss_or_decor_lesser_grid, uniq_sigmund

Skill      XL: |  1  2  3 |
---------------+----------+-----
Fire Magic     | 4 |  4.4
Conjurations   | 2 |  2.5
Spellcasting   | 4 |  4.4
Short Blades   | |  0.4
Dodging        | |  2.8
Stealth        | |  2.7

Action                   |  1- 3 |  4- 6 || total
-------------------------+-------+-------++-------
Melee: Short sword       |     4 |     5 ||     9
 Cast: Flame Tongue      |    71 |    39 ||   110
       Conjure Flame     |       |     1 ||     1
 Stab: Sleeping          |     1 |     2 ||     3
  Eat: Chunk             |       |     3 ||     3
Armor: Robe              |     4 |     1 ||     5
Dodge: Dodged            |    22 |    10 ||    32
